 Dungeon Crawl Stone Soup version 0.31-a0-233-g139696dc86 (webtiles) character file.

Game seed: 5134683075887158192

119 runemasterragnar the Conjurer (level 4, -3/35 HPs)
             Began as a Draconian Conjurer on July 9, 2023.
             Slain by Ijyb
             ... wielding a +0 club
              (5 damage)
             ... on level 3 of the Dungeon.
             The game lasted 00:05:09 (2363 turns).

runemasterragnar the Conjurer (Draconian Conjurer)  Turns: 2363, Time: 00:05:10

Health: -3/35      AC:  5    Str:  9    XL:     4   Next: 74%
Magic:  0/8        EV: 12    Int: 20    God:
Gold:   32         SH:  0    Dex: 10    Spells: 2/8 levels left

rFire   . . .        f - +0 short sword
rCold   . . .        (no shield)
rNeg    . . .        (body armour unavailable)
rPois   .            (helmet restricted)
rElec   .            (no cloak)
rCorr   .            (no gloves)
SInv    .            (no boots)
Will    .....        (no amulet)
Stlth   ++           h - ring of wizardry
HPRegen 0.25/turn    (no ring)
MPRegen 0.11/turn

%: wizardry (x1)
@: attractive
A: AC +5, unfitting armour, cold-blooded
a: no special abilities


You were on level 3 of the Dungeon.
You visited 1 branch of the dungeon, and saw 3 of its levels.

You collected 32 gold pieces.

Inventory:

Hand Weapons
 f - a +0 short sword (weapon)
Jewellery
 h - a ring of wizardry (left hand)
Scrolls
 c - a scroll of enchant armour
 d - a scroll of identify {unknown}
 e - a scroll of teleportation
 g - a scroll of noise {unknown}
 k - a scroll of immolation {unknown}
 l - a scroll of brand weapon {unknown}
Potions
 a - a potion of magic


   Skills:
 + Level 1.6 Fighting
 + Level 2.3 Dodging
 + Level 2.4 Stealth
 + Level 2.7 Spellcasting
 * Level 4.8 Conjurations


You had 2 spell levels left.
You knew the following spells:

 Your Spells              Type           Power      Damage    Failure   Level
a - Magic Dart            Conj           88%        1d7       1%          1
b - Searing Ray           Conj           44%        2d6       1%          2
c - Dazzling Flash        Conj/Hex       24%        N/A       6%          3

Your spell library contained the following spells:

 Spells                   Type           Power      Damage    Failure   Level
 Fulminant Prism          Conj/Hex       6%         3d7       21%         4
 Iskenderun's Mystic Bla  Conj/Tloc      12%        2d5       21%         4


Dungeon Overview and Level Annotations

Branches:
Dungeon (3/15)

Altars:

Annotations:
D:3 Ijyb, Terence


Innate Abilities, Weirdness & Mutations

Your plain brown scales are hard. (AC +5)
You cannot fit into any form of body armour.
You are cold-blooded and may be slowed by cold attacks.


Message History

* * * LOW HITPOINT WARNING * * *
Casting: Searing Ray (safe; 1% risk of failure)
Confirm with . or Enter, or press ? or * to list all spells.
You don't know that spell.
Unknown command.
It was a potion of attraction.
You feel attractive to monsters. Ijyb hits you with a +0 club.
* * * LOW HITPOINT WARNING * * *
Casting: Searing Ray (safe; 1% risk of failure)
Confirm with . or Enter, or press ? or * to list all spells.
Okay, then.
You aren't carrying any items that you can evoke.
As you read the scroll labelled QUTIES POUQEIG, it crumbles to dust.
It is a scroll of enchant armour.
You aren't carrying any armour which can be enchanted further.
Ijyb hits you with a +0 club.
* * * LOW HITPOINT WARNING * * *
Unknown command.
Casting: Searing Ray (safe; 1% risk of failure)
Confirm with . or Enter, or press ? or * to list all spells.
Aiming: Searing Ray (safe; 1% risk of failure)
Press: ? - help, Shift-Dir - straight line, f/p - Ijyb
Aim: Ijyb, wielding a +0 club, wearing a +0 scale mail and carrying a wand of mindburst (9) (moderately wounded, 75% to hit)
The searing ray hits Ijyb.
Ijyb is heavily wounded. (Press . to maintain the ray.) Ijyb hits you with a +0 club.
* * * LOW HITPOINT WARNING * * *
The searing ray misses Ijyb.
Ijyb hits you but does no damage.
Unknown command.
The searing ray hits Ijyb but does no damage.
Ijyb is heavily wounded.
Ijyb misses you.
Unknown command.
The searing ray hits Ijyb!
Ijyb is severely wounded.
You finish channelling your searing ray.
Ijyb hits you with a +0 club.
You die...

#################
##≈≈..#...#......#
#≈≈≈.)).).'......#
#≈≈≈..#...#......#
#≈≈#########.g##''#
#≈ ........@#...#
#. .........#.).#
.. .........#...# .
.........#g..#
.........#...#
#######..#..g# #..#
+..# ####


You could see Ijyb.

Vanquished Creatures
  A gnoll (D:1)
  3 adders
  2 worms (D:2)
  2 dart slugs (D:1)
  2 orcs
  3 ball pythons (D:2)
  4 endoplasms
  4 giant cockroaches
  9 goblins
  5 hobgoblins
  10 jackals
  6 kobolds
  5 bats
  5 frilled lizards
  3 rats (D:2)
64 creatures vanquished.

Notes
Turn   | Place    | Note
-------+----------+-------------------------------------------
     0 | D:1      | runemasterragnar the Draconian Conjurer began the quest for
                  | the Orb.
     0 | D:1      | Reached XP level 1. HP: 14/14 MP: 3/3
   352 | D:1      | Reached XP level 2. HP: 22/22 MP: 3/5
   372 | D:1      | Learned a level 2 spell: Searing Ray
   418 | D:1      | Found a faded altar of an unknown god.
   787 | D:1      | Reached skill level 1 in Fighting
   787 | D:1      | Reached XP level 3. HP: 22/28 MP: 3/6
  1090 | D:1      | Learned a level 3 spell: Dazzling Flash
  1608 | D:2      | Reached XP level 4. HP: 30/35 MP: 3/7
  2228 | D:3      | Noticed Terence
  2325 | D:3      | Noticed Ijyb
  2360 | D:3      | HP: 1/35 [Ijyb/+0 club (1)]
  2363 | D:3      | Slain by Ijyb

Illustrated notes

Levels and vault maps discovered:
D:1:      dpeg_arrival_rooms_c, layout_loops_ring,
          ebering_ecumenical_altar_rust, chequers_avenue
D:2:      layout_basic, serial_bayou_pond_e, st_stairs_12
D:3:      kennysheep_goblin_castle, layout_loops_ring, minmay_lizard_king,
          uniq_terence

Skill      XL: |  1  2 |
---------------+-------+-----
Stealth        | 2 |  2.4
Dodging        | 2 |  2.3
Fighting       | 1 |  1.6
Spellcasting   | |  2.7
Conjurations   | |  4.8

Action                     |  1- 3 |  4- 6 || total
---------------------------+-------+-------++-------
  Melee: Unarmed           |    71 |       ||    71
         Tailslap          |    13 |     3 ||    16
         Short sword       |    65 |    34 ||    99
   Cast: Magic Dart        |    60 |    21 ||    81
         Searing Ray       |     2 |     6 ||     8
    Use: Potion            |       |     3 ||     3
         Scroll            |       |     2 ||     2
   Stab: Sleeping          |     1 |       ||     1
 Armour: Skin              |    59 |    37 ||    96
  Dodge: Dodged            |   104 |    36 ||   140

Table legend: (Time is in decaauts)
 A = Elapsed time spent in this place.
 B = Non-inter-level travel time spent in this place.
 C = Inter-level travel time spent in this place.
 D = Time resting spent in this place.
 E = Time spent auto-exploring this place.
 F = Levels seen in this place.
 G = Mean time per level.
                   A        B        C        D        E       F      G
               +--------+--------+--------+--------+--------+-----+--------+
         Total |   2361 |   2352 |      9 |      5 |   1847 |   3 |  787.0 |
       Dungeon |   2361 |   2352 |      9 |      5 |   1847 |   3 |  787.0 |
               +--------+--------+--------+--------+--------+-----+--------+

Top non-repeatable levels by time:
     D:1: 1093 daAuts
     D:2: 875 daAuts
     D:3: 392 daAuts
